 Dungeon Crawl Stone Soup version 0.19-a0 (webtiles) character file.

64 MovingMist the Skirmisher (level 4, -1/42 HPs)
             Began as a Naga Fighter on Apr 27, 2016.
             Slain by an ogre
             ... wielding a +0 giant club
              (19 damage)
             ... on level 3 of the Dungeon.
             The game lasted 00:03:47 (1144 turns).

MovingMist the Skirmisher (Naga Fighter)            Turns: 1144, Time: 00:03:48

Health: -1/42      AC: 13    Str: 23    XL:     4   Next: 12%
Magic:  4/4        EV:  4    Int: 12    God:
Gold:   105        SH:  9    Dex: 11    Spells: 0 memorised, 3 levels left

rFire  x . .     SeeInvis +     a - +0 trident
rCold  + . .     Gourm    .     h - +0 chain mail
rNeg   . . .     Faith    .     c - +0 shield
rPois  +         Spirit   .     (no helmet)
rElec  .         Dismiss  .     b - +0 cloak
rCorr  .         Reflect  .     e - +1 pair of gloves
SustAt .         Harm     .     (no barding)
MR     .....                    (no amulet)
Stlth  ..........               j - +4 ring of protection
                                m - ring of Xom's Full Attention {Ice Int+3}

@: mighty, very slow, not resistant to hostile enchantments, extremely
unstealthy
A: see invisible, deformed body, poison resistance, slowness 2, slow metabolism
1, spit poison 2, AC +1
a: Spit Poison


You were on level 3 of the Dungeon.
You were not hungry.

You visited 1 branch of the dungeon, and saw 4 of its levels.

You collected 105 gold pieces.

Inventory:

Hand Weapons
 a - a +0 trident (weapon)
Armour
 b - a +0 cloak (worn)
 c - a +0 shield (worn)
 e - a +1 pair of gloves (worn)
 h - a +0 chain mail (worn)
Jewellery
 j - a +4 ring of protection (right hand)
 m - the ring of Xom's Full Attention (left hand) {Ice Int+3}
   (You found it on level 4 of the Dungeon)

   [ring of ice]

   It enhances your ice magic, and weakens your fire magic.
   It affects your intelligence (+3).
   It makes you vulnerable to fire.
   It protects you from cold.
Potions
 i - a potion of cure mutation {unknown}
 k - 2 potions of haste {unknown}
 n - a potion of magic {unknown}
 o - a potion of brilliance {unknown}
Comestibles
 f - 5 bread rations
 g - a beef jerky
 l - 8 chunks of flesh


   Skills:
 + Level 3.4 Fighting
 + Level 2.8 Polearms
 - Level 2.4 Armour
 * Level 1.4 Dodging
 + Level 2.7 Shields


You had 3 spell levels left.
You didn't know any spells.

Dungeon Overview and Level Annotations

Branches:
Dungeon (4/15)
 Temple: D:4-7

Altars:

Annotations:
D:2 Ijyb


Innate Abilities, Weirdness & Mutations

You cannot wear boots.
Your serpentine skin is tough (AC +1).
You have supernaturally acute eyesight.
Armour fits poorly on your strangely shaped body.
Your system is resistant to poisons.
You cover ground very slowly.
You have a slow metabolism.
You can spit poison.


Message History

Some of the chunks of flesh in your inventory have rotted away.
Found 23 stones.
An ogre comes into view. It is wielding a giant club.
The ogre shouts!
You hit the ogre.
The ogre is lightly wounded.
The ogre hits you with a giant club!
You hit the ogre but do no damage.
The ogre is lightly wounded.
The ogre barely misses you.
You puncture the ogre!
The ogre is heavily wounded.
The ogre hits you with a giant club!
Drink which item? (? for menu, Esc to quit)
You feel very mighty all of a sudden. The ogre hits you with a giant club!
Your chain mail prevents you from hitting the ogre.
The ogre is heavily wounded.
The ogre hits you with a giant club!!
You die...

### ###........#...(
#..#####.#...## #....#
#......# #.##.###.##.#.#
#........##.#.## #
#####.###.##....#### ##
##.###.# #.....#....#
.####...##.###..##....#.##
.'..............@O.......+
.####...................##
## ##..##.###..#....#..# #
##<##.# #..#..### $#
#.##.# #..#.... # #.#..#
#..##.### #.#.## #........
## #.#.####.###.###
.######........# #


You could see an ogre.

Vanquished Creatures
  An orc wizard (D:3)
  2 adder skeletons (D:4)
  A worm (D:2)
  4 orcs
  A bat (D:1)
  A giant cockroach (D:3)
  A goblin (D:1)
  3 hobgoblins (D:1)
  2 jackals (D:4)
  5 kobolds
  A quokka (D:3)
  A ball python (D:1)
  A giant newt (D:2)
  2 rats (D:1)
26 creatures vanquished.

Notes
Turn   | Place    | Note
--------------------------------------------------------------
     0 | D:1      | MovingMist the Naga Fighter began the quest for the Orb.
     0 | D:1      | Reached XP level 1. HP: 21/21 MP: 1/1
   227 | D:1      | Reached XP level 2. HP: 27/28 MP: 2/2
   660 | D:2      | Noticed Ijyb
   825 | D:2      | You fall through a shaft for 2 floors!
   845 | D:4      | Reached skill level 1 in Dodging
   845 | D:4      | Reached XP level 3. HP: 29/34 MP: 3/3
   870 | D:4      | Got a crude granite ring
   902 | D:4      | Identified the ring of Xom's Full Attention {Ice Int+3} (You found it on level 4 of the Dungeon)
   961 | D:3      | Reached XP level 4. HP: 35/42 MP: 4/4
  1136 | D:3      | Noticed an ogre
  1144 | D:3      | Slain by an ogre

Vault maps used:
D:1:      dpeg_arrival_long_road
D:2:      first_bread, uniq_iyjb

Skill      XL: |  1  2 |
---------------+-------+-----
Dodging        | 1 |  1.4
Fighting       | |  3.4
Polearms       | |  2.8
Armour         | |  2.4
Shields        | |  2.7

Action                   |  1- 3 |  4- 6 || total
-------------------------+-------+-------++-------
Melee: Trident           |   113 |    18 ||   131
  Use: Scroll            |     3 |     2 ||     5
       Potion            |       |     1 ||     1
  Eat: Chunk             |       |     1 ||     1
Armor: Scale mail        |    44 |     3 ||    47
       Chain mail        |       |     4 ||     4
Dodge: Dodged            |    23 |     3 ||    26
Block: Shield            |    51 |     3 ||    54
